 Dungeon Crawl Stone Soup version 0.32-a0-999-gfa1cc04b1d (webtiles) character file.

Game seed: 2961905910481733754

194 Cancer the Sneak (level 5, -3/36 HPs)
             Began as an Octopode Delver on Apr 24, 2024.
             Was an Initiate of Wu Jian.
             Slain by an orc wizard
             ... wielding a +4 dagger
              (5 damage)
             ... on level 3 of the Dungeon.
             The game lasted 00:07:26 (2536 turns).

Cancer the Sneak (Octopode Delver)                  Turns: 2536, Time: 00:07:27

Health: -3/36      AC:  1    Str: 14    XL:     5   Next: 73%
Magic:  5/5        EV: 12    Int: 12    God:    Wu Jian [......]
Gold:   227        SH:  0    Dex: 13    Spells: 4/4 levels left

rFire   . .          .
                       - Unarmed
rCold   . . .        (no shield)
rNeg    . . .        f - melded +2 hat
rPois   +            (no amulet)
rElec   .            h - ring of poison resistance
rCorr   .            m - ring of flight
SInv    .            (no ring)
Will    .....        (no ring)
Stlth   +++++        (no ring)
HPRegen 0.26/turn    (no ring)
MPRegen 0.09/turn    (no ring)
                     (no ring)

%: no passive effects
@: beast-form, flying
A: beast (slay +0), almost no armour, amphibious, 8 rings, camouflage 1,
gelatinous body 1, nimble swimmer 1, tentacles
a: Begin Untransformation, Renounce Religion


You were on level 3 of the Dungeon.
You worshipped Wu Jian.
Wu Jian was noncommittal.
You were a hulking beast.
You visited 1 branch of the dungeon, and saw 5 of its levels.

You collected 227 gold pieces.

Inventory:

Armour
 f - a +2 hat (melded)
Jewellery
 h - a ring of poison resistance (left tentacle)
 m - a ring of flight (right tentacle)
 s - a ring of fire
Talismans
 B - a beast talisman (active)
Wands
 e - a wand of digging (3)
 l - a wand of roots (6)
Scrolls
 a - a scroll of fog
 b - a scroll of revelation
 c - a scroll of fear
 j - 2 scrolls of vulnerability {unknown}
 k - a scroll of brand weapon {unknown}
 n - 5 scrolls of identify {unknown}
 o - a scroll of acquirement {unknown}
 p - 2 scrolls of noise {unknown}
 q - a scroll of torment {unknown}
 t - a scroll of silence {unknown}
 u - 2 scrolls of amnesia {unknown}
 x - a scroll of poison {unknown}
 y - a scroll of immolation {unknown}
 A - 2 scrolls of enchant armour {unknown}
Potions
 d - a potion of haste
 g - a potion of ambrosia {unknown}
 i - a potion of degeneration {unknown}
 r - 3 potions of heal wounds {unknown}
 v - 2 potions of attraction {unknown}
 w - a potion of curing {unknown}
 z - a potion of brilliance {unknown}
 C - a potion of resistance {unknown}
 D - a potion of mutation {unknown}


   Skills:
 - Level 3.0 Fighting
 - Level 2.0 Dodging
 - Level 6.6 Stealth
 + Level 5.4 Unarmed Combat
 + Level 1.3 Shapeshifting


You had 4 spell levels left.
You didn't know any spells.
Your spell library contained the following spells:

 Spells                   Type           Power      Damage    Failure   Level
 Kiss of Death            Conj/Necr      0%         2d5       32%         1
 Confusing Touch          Hex            0%         N/A       69%         3
 Summon Ice Beast         Ice/Summ       0%         N/A       69%         3
 Dispel Undead            Necr           0%         3d6       97%         4
 Summon Mana Viper        Hex/Summ       0%         N/A       100%        5
 Monstrous Menagerie      Summ           0%         N/A       100%        7


Dungeon Overview and Level Annotations

Branches:
Dungeon (5/15)
 Temple: D:4-7

Altars:
Fedhas
Kikubaaqudgha
Vehumet
Wu Jian

Shops:
D:3 :

Annotations:
D:1 flame
D:3 wall, Robin
D:4 wall, Ijyb


Innate Abilities, Weirdness & Mutations

You are a hulking beast.
Your limbs bulge with bestial killing power. (Slay +0)
You cannot wear most types of armour.
You are amphibious.
You can wear up to eight rings at the same time.
Your skin changes colour to match your surroundings (Stealth+).
Your rubbery body absorbs attacks. (AC +1, EV +1)
You are camouflaged when in or above water. (Stealth+)
You have tentacles for arms and can constrict up to eight enemies at once.


Message History

You lunge at the orc.
You completely miss the orc.
The orc shouts!
You grab the orc. You constrict the orc. The orc hits you with a +0 whip.
You tentacle-slap the orc.
You kill the orc!
The Council accepts your kill.
You tentacle-slap the orc. You grab the orc. You squeeze the orc.
The orc is severely wounded.
You constrict the orc.
You kill the orc!
The Council accepts your kill. The orc misses you. Something hits you.
You closely miss the orc. Your grab misses the orc. The orc barely misses you.
Something hits you.
You bludgeon the orc!
You kill the orc!
The Council accepts your kill. Something hits you!
There is a blossoming altar of Fedhas here.
You start resting.
HP restored.
The orc wizard points at you and mumbles some strange words.
The magic dart hits you.
There is a blossoming altar of Fedhas here.
The orc wizard gestures wildly while chanting.
The orc wizard flickers and vanishes!
You hear some strange, mumbled words.
You are confused.
Something hits you! Something hits you. Something hits you.
You completely miss something. Your squeeze misses something.
Something hits you!
* * * LOW HITPOINT WARNING * * *
You're too confused to move!
You feel less confused. Something hits you!
* * * LOW HITPOINT WARNING * * *
You miss something. Something hits you.
You die...

....o.#....##.........#.#...
..... ##.#)........)........
#### #.#.≈≈≈≈≈≈≈≈≈[.###...
#..)≈...÷...≈.###....
#.#)≈.≈≈§≈≈.≈....####
#...≈.≈...≈.≈.###..#
##..≈..._.§.≈)÷....#
#.{≈.§...≈.≈..###.#
#..h.≈≈≈≈≈......#.#
#..≈.......≈.##...#
#..≈≈≈≈≈≈≈≈≈....>##
#............#####
#......####### ########


There were no monsters in sight!

Vanquished Creatures
  Terence (D:3)
  An orc wizard (D:3)
  5 adders
  5 dart slugs
  8 orcs
  3 ball pythons
  3 bats
  4 endoplasms
  4 giant cockroaches
  9 goblins
  3 hobgoblins
  8 jackals
  6 kobolds
  5 quokkas
  5 frilled lizards
  6 rats
76 creatures vanquished.

Notes
Turn   | Place    | Note
-------+----------+-------------------------------------------
     0 | D:5      | Cancer the Octopode Delver began the quest for the Orb.
     0 | D:5      | Reached XP level 1. HP: 16/16 MP: 1/1
    67 | D:5      | Reached XP level 2. HP: 21/21 MP: 2/2
   271 | D:4      | Reached XP level 3. HP: 26/26 MP: 3/3
   308 | D:4      | Noticed an ogre
   312 | D:4      | Noticed Ijyb
   345 | D:5      | Noticed an ogre
   456 | D:3      | Found a blossoming altar of Fedhas.
   462 | D:3      | Noticed Terence
   504 | D:3      | Killed Terence
   505 | D:3      | Reached XP level 4. HP: 28/31 MP: 4/4
   558 | D:3      | Noticed Robin
   566 | D:2      | Found a radiant altar of Vehumet.
  1518 | D:2      | Reached skill level 5 in Unarmed Combat
  1551 | D:2      | Reached XP level 5. HP: 36/36 MP: 5/5
  1984 | D:3      | Found an ancient bone altar of Kikubaaqudgha.
  1989 | D:3      | Noticed a walking crystal tome
  1990 | D:3      | Found Yfenecw's Book Emporium.
  2023 | D:3      | Noticed a walking earthen tome
  2233 | D:3      | Found an ornate altar of the Wu Jian Council.
  2241 | D:3      | Became a worshipper of the Wu Jian Council
  2317 | D:3      | Reached skill level 1 in Shapeshifting
  2536 | D:3      | Slain by an orc wizard

Illustrated notes

Levels and vault maps discovered:
D:1:      amcnicky_arrival_choice, layout_basic, serial_curves, eino_curves_04,
          eino_curves_03
D:2:      layout_rooms, basic_altar
D:3:      layout_basic, amcnicky_altar_gilded, lemuel_tele_altar,
          mainiacjoe_overflow_concentric_impassable,
          lemuel_coloured_pillars_altar, serial_shops, nicolae_shop_mannequins,
          uniq_robin, uniq_terence
D:4:      layout_loops_corners, serial_glass, glass_columns_c, glass_columns_c,
          due_unseen_surprise, item_on_display_a, feat_on_display,
          minmay_strange_pillars, minmay_between, uniq_ijyb, uniq_edmund,
          uniq_crazy_yiuf_cottage
D:5:      layout_basic, slow_altar_2

Skill      XL: |  1  2  3  4  5 |
---------------+----------------+-----
Unarmed Combat | 3 4 5 |  5.4
Shapeshifting  | 1 |  1.3
Fighting       | |  3.0
Dodging        | |  2.0
Stealth        | |  6.6

Action                     |  1- 3 |  4- 6 || total
---------------------------+-------+-------++-------
  Melee: Unarmed           |    27 |   106 ||   133
         Constrict         |    10 |    20 ||    30
         Tentacles         |     6 |    10 ||    16
         Punch             |       |     3 ||     3
Ability: Lunge             |       |     2 ||     2
   Stab: Sleeping          |     4 |    19 ||    23
         Distracted        |       |     1 ||     1
 Armour: Skin              |    10 |    42 ||    52
  Dodge: Dodged            |    18 |    45 ||    63
   Form: Beast             |       |     1 ||     1

Table legend: (Time is in decaauts)
 A = Elapsed time spent in this place.
 B = Non-inter-level travel time spent in this place.
 C = Inter-level travel time spent in this place.
 D = Time resting spent in this place.
 E = Time spent auto-exploring this place.
 F = Levels seen in this place.
 G = Mean time per level.
                   A        B        C        D        E       F      G
               +--------+--------+--------+--------+--------+-----+--------+
         Total |   2523 |   2407 |    116 |     54 |   1480 |   5 |  504.6 |
       Dungeon |   2523 |   2407 |    116 |     54 |   1480 |   5 |  504.6 |
               +--------+--------+--------+--------+--------+-----+--------+

Top non-repeatable levels by time:
     D:1: 885 daAuts
     D:3: 654 daAuts
     D:2: 530 daAuts
     D:5: 243 daAuts
     D:4: 209 daAuts
